AoeStats
← Kestuvaffer

Arena

505069193Analyzed
1v1 RM · 23d ago on Sep 7, 2026· 38m 41s· 2 players
Game mode
Random Map
Map size
Tiny (2 player)
Population
200
Speed
Normal
Resources
Standard
Victory
Conquest
Starting age
Dark Age
Ending age
Imperial Age
RankedLock teamsTeams togetherTeam positionsShared explorationLock speedFull tech treeHidden civsTurbo modeCheats
Victory
Defeat
🇫🇷 Teutons · France
986
+17
1000
-51
Kestuvaffer
10:38 Feudal Age
11:05 Double-Bit Axe
11:03 Horse Collar
18:09 Castle Age
16:24 Stone Mining
16:50 Gold Mining
18:41 Wheelbarrow
19:19 Bow Saw
20:06 Heavy Plow
20:25 Squires
20:11 Arson
20:36 Town Watch
22:05 Forging
21:57 Scale Mail Armor
23:06 Hand Cart
26:42 Iron Casting
27:06 Chain Mail Armor
31:04 Imperial Age
32:15 Crop Rotation
32:12 Conscription
31:13 Elite Teutonic Knight
33:09 Plate Mail Armor
34:17 Blast Furnace
67 mogged larper Charlie Kirk
11:57 Feudal Age
12:04 Loom
12:58 Horse Collar
14:06 Double-Bit Axe
19:17 Wheelbarrow
22:51 Castle Age
23:05 Crossbowman
24:12 Bow Saw
26:11 Fletching
28:43 Ballistics
29:05 Bodkin Arrow
30:50 Masonry
31:50 Fortified Wall
34:21 Imperial Age
31:56 Heavy Plow
32:03 Padded Archer Armor
34:02 Chemistry
33:47 Fervor
35:47 Bracer
36:54 Husbandry
Connection lost

Rejoining the realm…

Still unreachable

The connection could not be restored.

Session expired

The server has moved on; the page needs a fresh start.